 Dungeon Crawl Stone Soup version 0.30-a0-210-g01b79a254e (webtiles) character file.

Game seed: 16689842888504056203

16514 IdlyInterested the Slicer (level 12, -7/86 HPs)
             Began as a Demonspawn Gladiator on Oct 4, 2022.
             Was an Initiate of Dithmenos.
             Mangled by a death yak (8 damage)
             ... on level 1 of the Lair of Beasts.
             The game lasted 00:53:13 (13295 turns).

IdlyInterested the Slicer (Demonspawn Gladiator)   Turns: 13295, Time: 00:53:13

Health: -7/86      AC: 10    Str: 15    XL:     12   Next: 10%
Magic:  15/15      EV: 14    Int: 22    God:    Dithmenos [......]
Gold:   562        SH:  4    Dex: 14    Spells: 12/15 levels left

rFire   + . .      SeeInvis .    a - +2 rapier (elec)
rCold   + + .      Faith    .    (no shield)
rNeg    + . .      Spirit   .    R - +0 leather armour of Huloimm {Int+5}
rPois   +          Reflect  .    (helmet restricted)
rElec   .          Harm     .    t - scarf {rC+ rF+}
rCorr   .          Rampage  .    y - +1 pair of gloves
Will    .....                    c - +1 pair of boots
Stlth   ++++......               l - amulet of the acrobat
HPRegen 0.34/turn                n - ring of protection from cold
MPRegen 0.14/turn                h - ring of Guetz {rPois rN+ Int+2 Stlth+}

@: hasted, very quick
A: horns 2, molten scales 2, demonic guardian 1, condensation shield, mutation
resistance 1
a: Renounce Religion


You were on level 1 of the Lair of Beasts.
You worshipped Dithmenos.
Dithmenos was noncommittal.
You visited 3 branches of the dungeon, and saw 12 of its levels.
You also visited: Sewer.

You collected 682 gold pieces.
You spent 120 gold pieces at shops.

Inventory:

Hand Weapons
 a - a +2 rapier of electrocution (weapon)
 e - a +3 short sword of venom
 M - a +4 vampiric short sword
 N - a +0 scimitar of flaming
Missiles
 b - 40 poisoned darts
 d - 3 throwing nets
 k - 7 javelins
 q - 5 curare-tipped darts
 z - 14 boomerangs (quivered)
 E - 9 boomerangs of dispersal
Armour
 c - a +1 pair of boots (worn)
 t - a scarf of resistance (worn)
 y - a +1 pair of gloves (worn)
 D - a +3 ring mail
 H - +0 steam dragon scales
 O - a +1 leather armour of willpower
 R - the +0 leather armour of Huloimm (worn) {Int+5}
   (You found it on level 9 of the Dungeon)

   Int:       It affects your intelligence (+5).
 U - the +1 robe of the Foremost Knaves {rF+++ Will- Int+3}
   (You found it on level 9 of the Dungeon)

   Int:       It affects your intelligence (+3).
   rF:        It renders you almost immune to fire.
   Will:      It decreases your willpower.
Magical Staves
 B - a staff of poison
Jewellery
 f - an amulet of faith
 h - the ring of Guetz (right hand) {rPois rN+ Int+2 Stlth+}
   (You took it off a centaur warrior on level 9 of the Dungeon)

   [ring of poison resistance]

   Int:       It affects your intelligence (+2).
   rPois:     It protects you from poison.
   rN:        It protects you from negative energy.
   Stlth:     It makes you more stealthy.
 l - an amulet of the acrobat (around neck)
 n - a ring of protection from cold (left hand)
 L - a +6 ring of strength
Wands
 A - a wand of iceblast (17)
 C - a wand of flame (10)
 F - a wand of paralysis (6)
 I - a wand of mindburst (13)
Scrolls
 j - a scroll of amnesia {unknown}
 m - 3 scrolls of blinking
 p - 2 scrolls of immolation
 s - 8 scrolls of identify
 G - 2 scrolls of vulnerability
 J - 3 scrolls of fear
 K - a scroll of teleportation
Potions
 g - 3 potions of curing
 i - 4 potions of mutation
 o - 3 potions of brilliance
 r - 4 potions of flight
 u - 2 potions of haste
 v - 2 potions of cancellation
 w - 3 potions of lignification
 x - 4 potions of resistance
Miscellaneous
 S - a lightning rod (1/4)


   Skills:
 - Level 5.0 Fighting
 + Level 12.6 Short Blades
 - Level 6.0 Throwing
 - Level 6.0 Dodging
 - Level 5.0 Stealth
 - Level 2.0 Spellcasting
 - Level 5.0 Conjurations
 - Level 4.0 Air Magic
 - Level 4.0 Poison Magic
 - Level 5.0 Evocations


You had 12 spell levels left.
You knew the following spells:

 Your Spells              Type           Power      Damage    Failure   Level
a - Mephitic Cloud        Conj/Pois/Air  21%        N/A       9%          3

Your spell library contained the following spells:

 Spells                   Type           Power      Damage    Failure   Level
 Magic Dart               Conj           96%        1d7       2%          1
 Searing Ray              Conj           48%        2d6       3%          2
 Poisonous Vapours        Pois/Air       38%        N/A       4%          2
 Cigotuvi's Dreadful Rot  Necr/Pois/Air  26%        N/A       9%          2
 Slow                     Hex            8%         N/A       17%         1
 Blink                    Tloc           4%         N/A       26%         2
 Passwall                 Tmut/Erth      1%         N/A       26%         2
 Sublimation of Blood     Necr           2%         N/A       26%         2
 Ignite Poison            Fire/Tmut/Pois 8%         N/A       30%         3
 Kindle Blastsparks       Fire/Tloc/Air  16%        2d11      30%         3
 Confusing Touch          Hex            2%         N/A       45%         3
 Vampiric Draining        Necr           2%         2d6       45%         3
 Fulminant Prism          Conj/Hex       6%         3d7       52%         4
 Freezing Cloud           Conj/Ice/Air   7%         6-21      80%         5
 Dispel Undead            Necr           2%         3d7       86%         4
 Ice Form                 Ice/Tmut       2%         N/A       86%         4
 Manifold Assault         Tloc           2%         N/A       86%         4
 Passage of Golubria      Tloc           2%         N/A       86%         4
 Blade Hands              Tmut           1%         N/A       99%         5
 Storm Form               Tmut/Air       5%         N/A       100%        7
 Necromutation            Tmut/Necr      1%         N/A       100%        8


Dungeon Overview and Level Annotations

Branches:
Dungeon (10/15)            Temple (1/1) D:5            Lair (1/5) D:10
    Orc (0/2) D:9           Sewer (visited)

Altars:
Ashenzari
Cheibriados
Dithmenos
Fedhas
Gozag
Hepliaklqana
Kikubaaqudgha
Makhleb
Nemelex Xobeh
Okawaru
Qazlal
Ru
Sif Muna
Trog
Uskayaw
Vehumet
Wu Jian
Xom
Yredelemnul

Shops:
D:3 :   D:6 :   D:7 *


Innate Abilities, Weirdness & Mutations

You have a pair of horns on your head.
You are mostly covered in molten scales. (AC +3)
A weak demonic guardian rushes to your aid.
A meltable shield of frost defends you. (SH +4)
You are somewhat resistant to further mutation.


Message History

Aiming: Paralyse
Press: ? - help, Shift-Dir - straight line, f - death yak
Aim: a death yak (chance to affect: 5%)
Okay, then.
Aiming: Mindburst
Press: ? - help, Shift-Dir - straight line, f - death yak
Aim: a death yak (chance to affect: 18%)
The death yak resists with almost no effort.
You hit the death yak but do no damage. The death yak misses you.
You hit the death yak but do no damage. The death yak gores you.
* * * LOW HITPOINT WARNING * * *
You feel better. The death yak gores you!
* * * LOW HITPOINT WARNING * * *
You feel yourself speed up.
The death yak gores you but does no damage.
You hit the death yak.
You headbutt the death yak, but do no damage.
The death yak is lightly wounded.
You hit the death yak but do no damage. You headbutt the death yak.
The death yak is lightly wounded.
You barely miss the death yak.
The death yak is lightly wounded.
The death yak gores you!
* * * LOW HITPOINT WARNING * * *
A demonic guardian appears!
You see here a cane toad corpse.
You hit the death yak.
You headbutt the death yak, but do no damage.
The death yak is lightly wounded.
You hit the death yak but do no damage.
The death yak is lightly wounded.
The death yak gores you.
* * * LOW HITPOINT WARNING * * *
Your rust devil hits the death yak.
Your rust devil corrodes the death yak!
You hit the death yak. You headbutt the death yak!
The death yak is moderately wounded.
You puncture the death yak! You headbutt the death yak.
The death yak is heavily wounded.
The death yak gores you!
You die...

#...## ##....≈~≈≈Y #....##
#....≈≈≈≈≈
#...#.######....~~≈≈Y
#................~≈≈≈
#.................~≈.
#............ ....### #........
.......###.## #.# #........
#.†....# # ##.# #.......
#......# #@4# #...... #......#
##Y# #Y...# #......# ##y#
#....# . #......#########.Y#
#....#...
..................#####.Y......
#.........####...†...).....#.#.
..........#..#...†.............
#............#.................
#.........#..#..######.....y...


You could see a death yak (corroded, ally target), a yak, a killer bee and a
friendly rust devil (summoned).

Vanquished Creatures
  2 centaur warriors (D:9)
  A two-headed ogre (D:10)
  3 death yaks (Lair:1)
  Maurice (D:8)
  A cane toad (Lair:1)
  Maggie (D:7)
  Joseph (D:8)
  A kobold demonologist (D:9)
  An efreet (D:9)
  A troll (D:9)
  A troll (shapeshifter) (D:9)
  A hornet (D:9)
  A slime creature (D:9)
  5 blink frogs (Lair:1)
  Sigmund (D:4)
  4 wraiths
  25 yaks
  A shadow (D:10)
  A wyvern (D:8)
  Grum (D:10)
  A steam dragon (D:9)
  2 acid dragons
  2 water moccasins
  2 orc warriors
  4 black bears
  2 centaurs (D:9)
  3 wolves (D:10)
  4 kobold brigands
  6 bullfrogs
  A necrophage (D:5)
  5 wights
  21 killer bees
  An electric eel (D:7)
  3 howler monkeys (D:8)
  4 crimson imps (D:9)
  3 jellies
  2 orc priests
  Terence (D:3)
  3 iguanas
  7 orc wizards
  3 adders
  2 white imps (D:5)
  An ufetubus (D:5)
  6 worms
  4 dart slugs
  25 orcs
  14 bats
  5 endoplasms
  11 giant cockroaches
  6 goblins
  7 hobgoblins
  8 jackals (D:1)
  5 quokkas
  10 ball pythons
  15 frilled lizards
  24 kobolds
  6 rats
283 creatures vanquished.

Vanquished Creatures (collateral kills)
  An oklob plant (D:10)
  A shadow (D:10)
  A yak (D:10)
3 creatures vanquished.

Vanquished Creatures (others)
  A boggart (D:9)
  An orc wizard (D:5)
  A fungus (Lair:1)
  9 plants
  3 toadstools (D:7)
15 creatures vanquished.

Grand Total: 301 creatures vanquished

Notes
Turn   | Place    | Note
-------+----------+-------------------------------------------
     0 | D:1      | IdlyInterested the Demonspawn Gladiator began the quest for
                  | the Orb.
     0 | D:1      | Reached XP level 1. HP: 16/16 MP: 1/1
   120 | D:1      | Found a faded altar of an unknown god.
   188 | D:1      | Gained mutation: You are partially covered in molten
                  | scales. (AC +2) [demonic ancestry]
   188 | D:1      | Reached XP level 2. HP: 23/23 MP: 2/2
   253 | D:1      | Reached skill level 3 in Short Blades
   618 | D:1      | Reached XP level 3. HP: 23/29 MP: 3/3
  1534 | D:2      | Reached XP level 4. HP: 23/37 MP: 4/4
  2044 | D:3      | Noticed Terence
  2053 | D:3      | Killed Terence
  2054 | D:3      | Gained mutation: A meltable shield of frost defends you.
                  | (SH +4) [demonic ancestry]
  2054 | D:3      | Reached XP level 5. HP: 40/43 MP: 5/5
  2240 | D:3      | Found Kefanin's Book Shoppe.
  2310 | D:3      | Reached skill level 5 in Fighting
  2310 | D:3      | Reached skill level 4 in Short Blades
  2332 | D:3      | Found a glowing drain.
  2355 | Sewer    | Entered a sewer
  2427 | Sewer    | Reached skill level 1 in Stealth
  2611 | Sewer    | Gained mutation: You are mostly covered in molten scales.
                  | (AC +3) [demonic ancestry]
  2611 | Sewer    | Reached XP level 6. HP: 36/51 MP: 6/6
  2671 | Sewer    | Got Yfystis's Anthology of the Excursion and Stolen Souls
  3013 | D:3      | Gained mutation: Your body sometimes deteriorates upon
                  | taking damage. [potion of mutation]
  3013 | D:3      | Gained mutation: You are vulnerable to heat. (rF-) [potion
                  | of mutation]
  3013 | D:3      | Gained mutation: You have sharp fingernails. [potion of
                  | mutation]
  3014 | D:3      | Lost mutation: Your body sometimes deteriorates upon taking
                  | damage. [potion of mutation]
  3014 | D:3      | Lost mutation: You are vulnerable to heat. (rF-) [potion of
                  | mutation]
  3014 | D:3      | Lost mutation: You have sharp fingernails. [potion of
                  | mutation]
  3014 | D:3      | Gained mutation: You have a pair of small antennae on your
                  | head. [potion of mutation]
  3014 | D:3      | Gained mutation: You are somewhat resistant to further
                  | mutation. [potion of mutation]
  3229 | D:3      | Found an ornate altar of the Wu Jian Council.
  3296 | D:3      | Learned a level 3 spell: Mephitic Cloud
  3665 | D:4      | Found a broken altar of Ashenzari.
  3673 | D:4      | Found a sacrificial altar of Ru.
  4150 | D:4      | Noticed a water moccasin
  4165 | D:4      | Killed a water moccasin
  4166 | D:4      | Lost mutation: You have a pair of small antennae on your
                  | head. [demonic ancestry]
  4166 | D:4      | Gained mutation: You have a pair of small horns on your
                  | head. [demonic ancestry]
  4166 | D:4      | Reached XP level 7. HP: 14/56 MP: 7/7
  4369 | D:4      | Noticed Sigmund
  4378 | D:4      | Killed Sigmund
  4379 | D:4      | Reached skill level 5 in Short Blades
  4774 | D:5      | Entered Level 5 of the Dungeon
  4791 | D:5      | Reached skill level 5 in Stealth
  4984 | D:5      | Reached skill level 1 in Spellcasting
  5016 | D:5      | Found a staircase to the Ecumenical Temple.
  5317 | Temple   | Entered the Ecumenical Temple
  5397 | D:5      | Reached skill level 1 in Conjurations
  5397 | D:5      | Reached XP level 8. HP: 58/62 MP: 11/11
  5840 | D:6      | Found Ogazxian's Vocational Training.
  5888 | D:6      | Found a shadowy altar of Dithmenos.
  6060 | D:6      | Reached skill level 1 in Air Magic
  6177 | D:6      | Reached skill level 6 in Short Blades
  6184 | D:6      | Found an opulent altar of Gozag.
  6188 | D:6      | Found a radiant altar of Vehumet.
  6188 | D:6      | Found a sparkling altar of Nemelex Xobeh.
  6193 | D:6      | Reached skill level 1 in Poison Magic
  6193 | D:6      | Found a blossoming altar of Fedhas.
  7104 | D:7      | Noticed Maggie
  7118 | D:7      | Killed Maggie
  7119 | D:7      | Reached skill level 7 in Short Blades
  7119 | D:7      | Gained mutation: You have a pair of horns on your head.
                  | [demonic ancestry]
  7119 | D:7      | Reached XP level 9. HP: 48/68 MP: 12/12
  7194 | D:7      | Found an iron altar of Okawaru.
  7280 | D:7      | Found Raulalept's General Store.
  7723 | D:7      | Bought a wand of iceblast (3) for 72 gold pieces
  7723 | D:7      | Bought a wand of paralysis (2) for 48 gold pieces
  7842 | D:8      | Noticed Maurice
  7865 | D:8      | Killed Maurice
  7990 | D:8      | Noticed Joseph
  8004 | D:8      | Killed Joseph
  8005 | D:8      | Reached skill level 8 in Short Blades
  8357 | D:8      | Reached skill level 5 in Conjurations
  8759 | D:8      | Got the Incunable of Sculpting
  9325 | D:9      | Found a staircase to the Orcish Mines.
  9337 | D:9      | Reached XP level 10. HP: 25/74 MP: 7/13
  9625 | D:9      | Reached skill level 9 in Short Blades
  9744 | D:9      | Noticed a centaur warrior
  9754 | D:9      | Reached skill level 5 in Dodging
  9775 | D:9      | Killed a centaur warrior
  9780 | D:9      | Identified the ring of Guetz {rPois rN+ Int+2 Stlth+}
  9780 | D:9      | Noticed a centaur warrior
  9810 | D:9      | Killed a centaur warrior
  9990 | D:9      | Identified the +0 leather armour of Huloimm {Int+5}
  9997 | D:9      | Identified the +5 chain mail of Ifuw Esu {Str+3 Dex+2}
 10008 | D:9      | Identified the +1 robe of the Foremost Knaves {rF+++ Will-
                  | Int+3}
 10317 | D:9      | Found a shimmering altar of Xom.
 10370 | D:9      | Reached skill level 10 in Short Blades
 10844 | D:10     | Entered Level 10 of the Dungeon
 11156 | D:10     | Gained mutation: A weak demonic guardian rushes to your
                  | aid. [demonic ancestry]
 11156 | D:10     | Reached XP level 11. HP: 38/79 MP: 14/14
 11161 | D:10     | Reached skill level 5 in Throwing
 11476 | D:10     | Noticed a two-headed ogre
 11487 | D:10     | Killed a two-headed ogre
 11526 | D:10     | Noticed Grum
 11534 | D:10     | Killed Grum
 11546 | D:10     | Reached skill level 1 in Evocations
 11576 | D:10     | Found a staircase to the Lair.
 11577 | D:10     | Noticed an oklob plant
 11826 | D:10     | Killed an oklob plant
 12324 | D:6      | Became a worshipper of Dithmenos the Shadowed
 12846 | Lair:1   | Entered Level 1 of the Lair of Beasts
 12876 | Lair:1   | Reached skill level 11 in Short Blades
 12890 | Lair:1   | Reached skill level 5 in Evocations
 13232 | Lair:1   | Noticed a death yak
 13233 | Lair:1   | Noticed a death yak
 13236 | Lair:1   | Noticed a death yak
 13239 | Lair:1   | Noticed a death yak
 13252 | Lair:1   | Killed a death yak
 13253 | Lair:1   | Reached skill level 12 in Short Blades
 13267 | Lair:1   | Killed a death yak
 13268 | Lair:1   | Reached XP level 12. HP: 37/86 MP: 15/15
 13272 | Lair:1   | Killed a death yak
 13289 | Lair:1   | HP: 1/86 [death yak (16)]
 13295 | Lair:1   | Mangled by a death yak

Illustrated notes

Levels and vault maps discovered:
D:1:      evilmike_arrival_home_sweet_home, layout_loops_corners,
          hellmonk_ecumenical_altar_lost_god
D:2:      minmay_chambers_of_twos, layout_loops_ring, basic_altar,
          kennysheep_generic_room_16
D:3:      layout_loops_ring, marbit_many_paths, cheibrodos_sewer_entry_drain,
          serial_shops, nicolae_shop_crystal, grunt_decor_resistance,
          uniq_terence
D:4:      layout_cave_pods, mainiacjoe_overflow_catwalk_spiral,
          minmay_misc_feat_enclosed, grunt_decor_fettered, uniq_sigmund
D:5:      layout_rooms, minmay_temple_entry_slanted, kennysheep_another_room
D:6:      layout_layer_cave, chequers_temple_overflow_statue_of_worship,
          nicolae_dithmenos_the_darkroom, corexii_hall_statues_u,
          nicolae_shop_vocational
D:7:      layout_rooms, okawaru_gym_becter, serial_shops,
          nicolae_shop_hallway_stairs, minmay_gold_behind_fungi, minivault_4,
          uniq_maggie
D:8:      layout_basic, hangedman_decor_slide_cut, dk_noncrumbling_3,
          uniq_maurice, uniq_joseph
D:9:      minmay_the_grid_triangle_9x9_recursive_2
          [minmay_the_grid_triangle_9x9_prize_schism,
          minmay_the_grid_triangle_9x9_skeleton,
          minmay_the_grid_triangle_9x9_zippers_vertical,
          minmay_the_grid_triangle_9x9_shrine], layout_gridville, led_xom_imps,
          orc_0_dummy
D:10:     layout_cave_pools, dpeg_oklobed_lair, uniq_grum
Temple:   nicolae_temple_ecumenical_triangle
Lair:1:   wad_woods_minihive, layout_chaotic_city, infiniplex_staircase_pool

Skill      XL: |  1  2  3  4  5  6  7  8  9 10 11 |
---------------+----------------------------------+-----
Short Blades   | 3 4 5 7 8 10 12 | 12.6
Fighting       | 3 4 5 |  5.0
Stealth        | 2 4 5 |  5.0
Spellcasting   | 2 |  2.0
Conjurations   | 1 4 5 |  5.0
Air Magic      | 3 4 |  4.0
Poison Magic   | 2 4 |  4.0
Dodging        | 3 6 |  6.0
Throwing       | 4 6 |  6.0
Evocations     | 5 |  5.0

Action                   |  1- 3 |  4- 6 |  7- 9 | 10-12 || total
-------------------------+-------+-------+-------+-------++-------
Melee: Rapier            |   134 |       |   142 |   470 ||   746
       Punch             |     1 |     2 |     4 |    10 ||    17
       Dagger            |    18 |       |       |       ||    18
       Short sword       |     9 |   264 |   118 |       ||   391
       Headbutt          |       |       |    43 |   125 ||   168
Throw: Javelin           |     1 |       |       |       ||     1
       Boomerang         |       |     1 |     3 |     8 ||    12
       Dart              |       |       |       |     1 ||     1
 Cast: Mephitic Cloud    |       |       |     3 |     3 ||     6
Evoke: Lightning rod     |       |       |       |     4 ||     4
       Wand              |       |       |       |     4 ||     4
  Use: Scroll            |     4 |     9 |     8 |     1 ||    22
       Potion            |     1 |     4 |     3 |    15 ||    23
 Stab: Sleeping          |       |     4 |     6 |     3 ||    13
       Confused          |       |       |     3 |     3 ||     6
       Distracted        |       |       |     1 |       ||     1
       Invisible         |       |       |       |     1 ||     1
       Paralysed         |       |       |       |     1 ||     1
Armor: Leather armour    |    42 |    62 |    36 |    93 ||   233
       Robe              |       |       |    19 |       ||    19
       Ring mail         |       |       |    41 |       ||    41
Dodge: Dodged            |   120 |   177 |   145 |   239 ||   681
Block: Other             |       |    29 |    45 |    41 ||   115

Table legend: (Time is in decaauts)
 A = Elapsed time spent in this place.
 B = Non-inter-level travel time spent in this place.
 C = Inter-level travel time spent in this place.
 D = Time resting spent in this place.
 E = Time spent auto-exploring this place.
 F = Levels seen in this place.
 G = Mean time per level.
                   A        B        C        D        E       F      G
               +--------+--------+--------+--------+--------+-----+--------+
         Total |  13127 |  10608 |   2519 |   1936 |   5367 |  13 | 1009.8 |
       Dungeon |  12263 |   9744 |   2519 |   1754 |   5230 |  10 | 1226.3 |
        Temple |     43 |     43 |      0 |      0 |     31 |   1 |   43.0 |
          Lair |    387 |    387 |      0 |    182 |     49 |   1 |  387.0 |
         Sewer |    432 |    432 |      0 |      0 |     57 |   1 |  432.0 |
               +--------+--------+--------+--------+--------+-----+--------+

Top non-repeatable levels by time:
     D:9: 1852 daAuts
     D:8: 1538 daAuts
     D:4: 1478 daAuts
     D:6: 1241 daAuts
     D:1: 1215 daAuts
    D:10: 1208 daAuts
     D:3: 1092 daAuts
     D:2: 911 daAuts
     D:7: 903 daAuts
     D:5: 820 daAuts
   Sewer: 432 daAuts
  Lair:1: 387 daAuts
  Temple: 43 daAuts
